TAMPA BAY Lightning vs DETROIT Red Wings (R2)

Created - 11 mars 2024 at 20:37

Goals
1 2 3 T
TAMPA BAY Lightning 0 2 1 3
DETROIT Red Wings 0 2 0 2
Shots
1 2 3 T
TAMPA BAY Lightning 14 7 11 32
DETROIT Red Wings 3 9 5 17

1st period

No Goal

Penalties :
Trevor Lewis (DET) for Hooking (Minor) at 6:09, Zach Whitecloud (DET) for Roughing (Minor) at 13:01, Nikita Zadorov (DET) for Tripping (Minor) at 15:32

2nd period

1. TAMPA BAY Lightning , Mikael Backlund 22 (Eeli Tolvanen 17, Robert Hagg 6) at 8:05
2. DETROIT Red Wings , Zach Hyman 14 (Colton Parayko 34, Sidney Crosby 35) at 8:19
3. TAMPA BAY Lightning , Timothy Liljegren 13 (Scott Laughton 23, Mason Marchment 12) at 13:54 (PP)
4. DETROIT Red Wings , Alex Ovechkin 23 (Colton Parayko 35, Jeff Petry 25) at 16:57 (PP)

Penalties :
Josh Anderson (DET) for Tripping (Minor) at 13:05, Eeli Tolvanen (TBL) for High sticking (Minor) at 15:17, Josh Anderson (DET) for Tripping (Minor) at 19:37

3rd period

5. TAMPA BAY Lightning , Dylan DeMelo 9 (Anders Lee 14, Mikael Backlund 24) at 0:08 (PP)

Penalties :
Mason Marchment (TBL) for Cross-checking (Minor) at 1:35, Nikita Zadorov (DET) for Tripping (Minor) at 7:14, T.J. Brodie (DET) for High sticking (Minor) at 11:41

Goalie Stats

Karel Vejmelka (TBL), 15 saves from 17 shots - (0,882), W, 10-13-2, 60:00 minutes
John Gibson (DET), 29 saves from 32 shots - (0,906), L, 22-17-6, 59:01 minutes

Players Stats for TAMPA BAY Lightning

Player Name              G  A  P  +/- PIM S  H  SB GA TA FO     MP     PP MP  PK MP  
------------------------------------------------------------------------------------
Anders Lee               0  1  1   1  0   4  4  0  0  0  1/2    23:29   5:32   2:26 
Chad Ruhwedel            0  0  0   0  0   1  1  0  0  0  0/0    18:38   0:19   1:43 
Christian Fischer        0  0  0   0  0   1  0  0  0  0  0/1     7:47   0:00   0:12 
Dylan DeMelo             1  0  1  -1  0   4  3  3  0  0  0/0    24:57   5:46   1:47 
Eeli Tolvanen            0  1  1   1  2   1  1  0  0  0  1/1    21:02   5:32   0:00 
Erik Gudbranson          0  0  0   0  0   2  2  1  0  0  0/0    24:10   6:05   1:56 
Josh Mahura              0  0  0   1  0   1  0  0  0  0  0/0    16:28   5:10   0:12 
Mason Marchment          0  1  1   0  2   3  4  0  0  0  2/4    18:16   5:43   0:00 
Michael McCarron         0  0  0   0  0   0  0  0  0  0  4/6     7:35   0:00   0:00 
Mikael Backlund          1  1  2   1  0   4  2  0  0  0  21/40  24:11   5:32   2:26 
Nick Ritchie             0  0  0  -1  0   0  1  0  0  0  0/1     8:44   0:00   0:00 
Nicolas Deslauriers      0  0  0   0  0   0  0  0  0  0  0/0     7:35   0:00   0:00 
Robert Hagg              0  1  1   1  0   0  2  0  0  0  0/0    12:15   0:00   0:00 
Ryan Reaves              0  0  0   0  0   0  0  0  0  0  0/2    13:16   0:00   0:00 
Sammy Blais              0  0  0  -1  0   2  0  0  0  0  0/0     8:44   0:00   0:00 
Scott Laughton           0  1  1   0  0   3  1  0  0  0  6/11   20:12   5:43   1:13 
Timothy Liljegren        1  0  1  -1  0   5  2  2  0  0  0/0    23:32   5:10   1:40 
Tyson Jost               0  0  0  -1  0   1  0  0  0  0  10/16  15:28   5:43   1:01 

Players Stats for DETROIT Red Wings

Player Name              G  A  P  +/- PIM S  H  SB GA TA FO     MP     PP MP  PK MP  
------------------------------------------------------------------------------------
Alex Ovechkin            1  0  1   1  0   2  2  0  0  0  0/1    20:03   1:43   0:57 
Bryan Rust               0  0  0   0  0   1  5  0  0  0  0/2    17:47   1:56   0:00 
Colton Parayko           0  2  2   1  0   3  1  2  0  0  0/0    25:13   1:44   4:40 
Dakota Joshua            0  0  0  -1  0   0  1  0  0  0  0/1     6:25   0:00   3:15 
Danton Heinen            0  0  0   0  0   0  0  0  0  0  0/0     9:10   0:00   0:28 
Derek Forbort            0  0  0   0  0   0  2  4  0  0  0/0    18:12   0:00   6:59 
Jeff Petry               0  1  1   1  0   0  1  0  0  0  0/0    20:26   1:44   3:08 
Josh Anderson            0  0  0   0  4   0  1  0  0  0  0/2    17:45   1:56   0:00 
Josh Archibald           0  0  0  -1  0   1  0  0  0  0  0/0     3:10   0:00   0:00 
Kevin Hayes              0  0  0   0  0   0  1  0  0  0  13/24  16:24   0:00   7:42 
Luke Glendening          0  0  0  -1  0   0  1  0  0  0  3/8     6:41   0:00   3:31 
Nikita Zadorov           0  0  0  -1  4   0  2  0  0  0  0/0    22:17   1:55   2:43 
Ryan O'Reilly            0  0  0   0  0   2  0  0  0  0  7/18   17:47   1:56   0:00 
Sidney Crosby            0  1  1   1  0   1  2  0  0  0  13/24  19:08   1:43   0:02 
T.J. Brodie              0  0  0  -1  2   2  2  1  0  0  0/0    17:48   1:55   0:12 
Trevor Lewis             0  0  0   0  2   0  4  0  0  0  3/3    15:16   0:00   6:35 
Zach Hyman               1  0  1   1  0   5  0  0  0  0  0/1    19:06   1:43   0:00 
Zach Whitecloud          0  0  0   0  2   0  1  2  0  0  0/0    16:00   0:00   4:48 

3 Stars

1 - Mikael Backlund (TBL)
2 - Alex Ovechkin (DET)
3 - Colton Parayko (DET)

Power Play

TAMPA BAY Lightning - 2 on 7 Attempt(s) - 28,57%
DETROIT Red Wings - 1 on 2 Attempt(s) - 50,00%

Penalty Kill

TAMPA BAY Lightning - 1 on 2 Attempt(s) - 50,00% - Score 0 goal in Penalty Kill
DETROIT Red Wings - 5 on 7 Attempt(s) - 71,43% - Score 0 goal in Penalty Kill

Team Stat

TAMPA BAY Lightning - Hits : 23 - Faceoff Wins : 45 - Blocked Shots : 6 - Penalty Minutes : 4
DETROIT Red Wings - Hits : 26 - Faceoff Wins : 39 - Blocked Shots : 9 - Penalty Minutes : 14

Official

Referees : Kyle Rehman and Carter Sandlak
Linesman : Alex Blair and Steve Barton

Game Notes

No Game Note

Finance

Level 1 -- Attendance: 4883 (81,38%) -- Ticket Income $483,417
Level 2 -- Attendance: 4249 (84,98%) -- Ticket Income $250,691
Level 3 -- Attendance: 2000 (100,00%) -- Ticket Income $74,000
Level 4 -- Attendance: 4000 (100,00%) -- Ticket Income $60,000
Luxury Box -- Attendance: 709 (70,90%) -- Ticket Income $147,472
Game was played at the Joe Louis Arena.
Total Attendance: 15841 (88,01%)
Total Ticket Income: $1,015,580
Other Income: $253,895
Total Income: $1,269,475

TAMPA BAY Lightning

5 vs 5 Forward 
   Center                   Left Wing                Right Wing               Time % Phy DF OF 
 1 Mikael Backlund          Anders Lee               Eeli Tolvanen            40     1   2  2  
 2 Scott Laughton           Mason Marchment          Ryan Reaves              30     1   2  2  
 3 Tyson Jost               Nick Ritchie             Sammy Blais              20     1   2  2  
 4 Michael McCarron         Nicolas Deslauriers      Christian Fischer        10     3   1  1  

5 vs 5 Defense 
   Defense                  Defense                                           Time % Phy DF OF 
 1 Dylan DeMelo             Timothy Liljegren                                 40     1   2  2  
 2 Erik Gudbranson          Chad Ruhwedel                                     30     1   2  2  
 3 Josh Mahura              Robert Hagg                                       20     1   2  2  
 4 Dylan DeMelo             Timothy Liljegren                                 10     1   2  2  

PowerPlay Forward 
   Center                   Left Wing                Right Wing               Time % Phy DF OF 
 1 Mikael Backlund          Anders Lee               Eeli Tolvanen            60     1   2  2  
 2 Tyson Jost               Scott Laughton           Mason Marchment          40     1   2  2  

PowerPlay Defense
   Defense                  Defense                                           Time % Phy DF OF 
 1 Dylan DeMelo             Erik Gudbranson                                   60     1   2  2  
 2 Timothy Liljegren        Josh Mahura                                       40     1   2  2  

Penalty Kill 4 Players Forward 
   Center                   Wing                     Time % Phy DF OF 
 1 Mikael Backlund          Anders Lee               60     1   2  2  
 2 Scott Laughton           Tyson Jost               40     1   2  2  

Penalty Kill 4 Players Defense
   Defense                  Defense                  Time % Phy DF OF 
 1 Dylan DeMelo             Erik Gudbranson          60     1   2  2  
 2 Timothy Liljegren        Chad Ruhwedel            40     1   2  2  

Penalty Kill - 3 Players Forward 
   Forward                                           Time % Phy DF OF 
 1 Mikael Backlund                                   60     1   2  2  
 2 Scott Laughton                                    40     1   2  2  

Penalty Kill - 3 Players Defense
   Defense                  Defense                  Time % Phy DF OF 
 1 Dylan DeMelo             Erik Gudbranson          60     1   2  2  
 2 Timothy Liljegren        Chad Ruhwedel            40     1   2  2  

4 vs 4 Forward 
   Center                   Wing                     Time % Phy DF OF 
 1 Mikael Backlund          Eeli Tolvanen            60     1   2  2  
 2 Anders Lee               Mason Marchment          40     1   2  2  

4 vs 4 Defense
   Defense                  Defense                  Time % Phy DF OF 
 1 Dylan DeMelo             Erik Gudbranson          60     1   2  2  
 2 Timothy Liljegren        Chad Ruhwedel            40     1   2  2  

Last Minutes Offensive
   Center                   Left Wing                Right Wing               Defense                  Defense                  
   Mikael Backlund          Anders Lee               Eeli Tolvanen            Dylan DeMelo             Timothy Liljegren        

Last Minutes Defensive
   Center                   Left Wing                Right Wing               Defense                  Defense                  
   Mikael Backlund          Scott Laughton           Ryan Reaves              Dylan DeMelo             Erik Gudbranson          

Goaltenders
Starting : Karel Vejmelka           
Backup : Calvin Petersen          

Extra Forwards
Normal : Christian Fischer, Mikael Backlund, Nick Ritchie - PP : Christian Fischer, Mikael Backlund - PK : Christian Fischer
Extra Defensemen
Normal : Chad Ruhwedel, Josh Mahura, Robert Hagg - PP : Chad Ruhwedel - PK : Chad Ruhwedel, Josh Mahura
Penalty Shots
Mikael Backlund, Anders Lee, Scott Laughton, Eeli Tolvanen, Mason Marchment

Scratches
Brock McGinn (Healthy), Philippe Myers (Healthy), Robin Lehner (Healthy)

DETROIT Red Wings

5 vs 5 Forward 
   Center                   Left Wing                Right Wing               Time % Phy DF OF 
 1 Sidney Crosby            Alex Ovechkin            Zach Hyman               36     0   2  3  
 2 Ryan O'Reilly            Bryan Rust               Josh Anderson            34     0   2  3  
 3 Kevin Hayes              Danton Heinen            Trevor Lewis             20     0   3  2  
 4 Luke Glendening          Dakota Joshua            Josh Archibald           10     0   4  1  

5 vs 5 Defense 
   Defense                  Defense                                           Time % Phy DF OF 
 1 Jeff Petry               Colton Parayko                                    40     1   2  2  
 2 Nikita Zadorov           T.J. Brodie                                       30     1   2  2  
 3 Zach Whitecloud          Derek Forbort                                     20     1   3  1  
 4 Nikita Zadorov           Colton Parayko                                    10     1   2  2  

PowerPlay Forward 
   Center                   Left Wing                Right Wing               Time % Phy DF OF 
 1 Sidney Crosby            Alex Ovechkin            Zach Hyman               60     0   1  4  
 2 Ryan O'Reilly            Bryan Rust               Josh Anderson            40     0   1  4  

PowerPlay Defense
   Defense                  Defense                                           Time % Phy DF OF 
 1 Jeff Petry               Colton Parayko                                    60     0   1  4  
 2 Nikita Zadorov           T.J. Brodie                                       40     0   1  4  

Penalty Kill 4 Players Forward 
   Center                   Wing                     Time % Phy DF OF 
 1 Kevin Hayes              Trevor Lewis             60     1   4  0  
 2 Luke Glendening          Dakota Joshua            40     1   4  0  

Penalty Kill 4 Players Defense
   Defense                  Defense                  Time % Phy DF OF 
 1 Zach Whitecloud          Derek Forbort            60     1   4  0  
 2 Nikita Zadorov           Colton Parayko           40     1   4  0  

Penalty Kill - 3 Players Forward 
   Forward                                           Time % Phy DF OF 
 1 Luke Glendening                                   60     0   4  1  
 2 Trevor Lewis                                      40     0   4  1  

Penalty Kill - 3 Players Defense
   Defense                  Defense                  Time % Phy DF OF 
 1 Zach Whitecloud          Derek Forbort            60     0   4  1  
 2 Nikita Zadorov           Colton Parayko           40     0   4  1  

4 vs 4 Forward 
   Center                   Wing                     Time % Phy DF OF 
 1 Sidney Crosby            Zach Hyman               60     0   2  3  
 2 Ryan O'Reilly            Alex Ovechkin            40     0   2  3  

4 vs 4 Defense
   Defense                  Defense                  Time % Phy DF OF 
 1 Jeff Petry               Colton Parayko           60     0   2  3  
 2 Nikita Zadorov           T.J. Brodie              40     0   2  3  

Last Minutes Offensive
   Center                   Left Wing                Right Wing               Defense                  Defense                  
   Sidney Crosby            Alex Ovechkin            Zach Hyman               Nikita Zadorov           Colton Parayko           

Last Minutes Defensive
   Center                   Left Wing                Right Wing               Defense                  Defense                  
   Sidney Crosby            Alex Ovechkin            Zach Hyman               Nikita Zadorov           Colton Parayko           

Goaltenders
Starting : John Gibson              
Backup : Calvin Pickard           

Extra Forwards
Normal : Dakota Joshua, Kevin Hayes, Trevor Lewis - PP : Dakota Joshua, Kevin Hayes - PK : Trevor Lewis
Extra Defensemen
Normal : Zach Whitecloud, Derek Forbort, Jeff Petry - PP : Zach Whitecloud - PK : Derek Forbort, Jeff Petry
Penalty Shots
Sidney Crosby, Alex Ovechkin, Zach Hyman, Bryan Rust, Ryan O'Reilly

Scratches
None


% Time on Ice - TAMPA BAY Lightning

Lines # - Real PCT - Wanted PCT - Time Play
Normal Forward
1 - 35% - 40% - 15:31
2 - 28% - 30% - 12:34
3 - 20% - 20% - 8:44
4 - 17% - 10% - 7:35
Normal Defense
1 - 36% - 40% - 16:06
2 - 35% - 30% - 15:27
3 - 28% - 20% - 12:15
4 - 1% - 10% - 0:36
PP Forward
1 - 49% - 60% - 5:32
2 - 51% - 40% - 5:43
PP Defense
1 - 54% - 60% - 6:05
2 - 46% - 40% - 5:10
PK Forward
1 - 72% - 60% - 2:38
2 - 28% - 40% - 1:01
PK Defense
1 - 53% - 60% - 1:56
2 - 47% - 40% - 1:43
PK3 Forward
1 - 0% - 60%
2 - 0% - 40%
PK3 Defense
1 - 0% - 60%
2 - 0% - 40%
44 Forward
1 - 0% - 60%
2 - 0% - 40%
44 Defense
1 - 0% - 60%
2 - 0% - 40%
Last Minute Offensive  - 0:00
Last Minute Defensive  - 0:42
Total
Forward - 60:00
Defense - 60:00

% Time on Ice - DETROIT Red Wings

Lines # - Real PCT - Wanted PCT - Time Play
Normal Forward
1 - 37% - 36% - 16:29
2 - 36% - 34% - 15:51
3 - 20% - 20% - 8:42
4 - 7% - 10% - 3:10
Normal Defense
1 - 35% - 40% - 15:34
2 - 36% - 30% - 15:42
3 - 25% - 20% - 11:13
4 - 4% - 10% - 1:43
PP Forward
1 - 47% - 60% - 1:43
2 - 53% - 40% - 1:56
PP Defense
1 - 47% - 60% - 1:44
2 - 53% - 40% - 1:55
PK Forward
1 - 71% - 60% - 8:00
2 - 29% - 40% - 3:15
PK Defense
1 - 54% - 60% - 6:07
2 - 46% - 40% - 5:08
PK3 Forward
1 - 0% - 60%
2 - 0% - 40%
PK3 Defense
1 - 0% - 60%
2 - 0% - 40%
44 Forward
1 - 0% - 60%
2 - 0% - 40%
44 Defense
1 - 0% - 60%
2 - 0% - 40%
Last Minute Offensive  - 0:54
Last Minute Defensive  - 0:00
Total
Forward - 60:00
Defense - 60:00

Play-by-Play

1st period


0:01 of 1st period - Mikael Backlund wins face-off versus Sidney Crosby in neutral zone.
1:46 of 1st period - Josh Anderson is hit by Robert Hagg and loses puck.
2:17 of 1st period - Shot by Sammy Blais.
2:17 of 1st period - Stopped by John Gibson with a rebound.
2:55 of 1st period - Shot by Christian Fischer.
2:55 of 1st period - Shot Misses the Net.
2:57 of 1st period - Shot by Dylan DeMelo.
2:57 of 1st period - Stopped by John Gibson without a rebound.
2:58 of 1st period - Mikael Backlund wins face-off versus Sidney Crosby in DETROIT Red Wings zone.
3:03 of 1st period - Shot by Anders Lee.
3:03 of 1st period - Stopped by John Gibson without a rebound.
3:04 of 1st period - Ryan O'Reilly wins face-off versus Mikael Backlund in DETROIT Red Wings zone.
3:04 of 1st period - Ryan O'Reilly is hit by Anders Lee.
3:07 of 1st period - Icing by Bryan Rust.
3:08 of 1st period - Anders Lee wins face-off versus Josh Anderson in DETROIT Red Wings zone.
3:08 of 1st period - Anders Lee is hit by Colton Parayko.
4:05 of 1st period - Colton Parayko is hit by Anders Lee and loses puck.
5:14 of 1st period - Icing by Zach Whitecloud.
5:15 of 1st period - Tyson Jost wins face-off versus Sidney Crosby in DETROIT Red Wings zone.
5:15 of 1st period - Robert Hagg is hit by Derek Forbort and loses puck.
5:48 of 1st period - Shot by Tyson Jost.
5:48 of 1st period - Stopped by John Gibson without a rebound.
5:49 of 1st period - Kevin Hayes wins face-off versus Christian Fischer in DETROIT Red Wings zone.
6:09 of 1st period - Minor Penalty to Trevor Lewis for Hooking.
6:10 of 1st period - Kevin Hayes wins face-off versus Mikael Backlund in DETROIT Red Wings zone.
7:36 of 1st period - Shot by Timothy Liljegren.
7:36 of 1st period - Stopped by John Gibson with a rebound.
8:41 of 1st period - Nicolas Deslauriers is hit by Josh Anderson and loses puck.
8:53 of 1st period - Icing by Robert Hagg.
8:54 of 1st period - Michael McCarron wins face-off versus Luke Glendening in TAMPA BAY Lightning zone.
9:00 of 1st period - Chad Ruhwedel is hit by Dakota Joshua and loses puck.
9:05 of 1st period - Shot by Josh Archibald.
9:05 of 1st period - Stopped by Karel Vejmelka with a rebound.
9:51 of 1st period - Icing by Timothy Liljegren.
9:52 of 1st period - Mikael Backlund wins face-off versus Sidney Crosby in TAMPA BAY Lightning zone.
9:57 of 1st period - Zach Hyman is hit by Anders Lee and loses puck.
11:29 of 1st period - Icing by Scott Laughton.
11:30 of 1st period - Scott Laughton wins face-off versus Ryan O'Reilly in TAMPA BAY Lightning zone.
11:30 of 1st period - Scott Laughton is hit by Bryan Rust.
12:21 of 1st period - Icing by Josh Mahura.
12:22 of 1st period - Tyson Jost wins face-off versus Zach Hyman in TAMPA BAY Lightning zone.
12:27 of 1st period - Shot by Zach Hyman.
12:27 of 1st period - Shot Misses the Net.
12:45 of 1st period - Shot by Alex Ovechkin.
12:45 of 1st period - Shot Misses the Net.
12:47 of 1st period - Shot by Zach Hyman.
12:47 of 1st period - Stopped by Karel Vejmelka without a rebound.
12:48 of 1st period - Luke Glendening wins face-off versus Mikael Backlund in TAMPA BAY Lightning zone.
12:48 of 1st period - Luke Glendening is hit by Dylan DeMelo.
13:01 of 1st period - Minor Penalty to Zach Whitecloud for Roughing.
13:02 of 1st period - Mikael Backlund wins face-off versus Kevin Hayes in DETROIT Red Wings zone.
13:12 of 1st period - Shot by Mikael Backlund.
13:12 of 1st period - Shot Misses the Net.
13:14 of 1st period - Shot by Mikael Backlund.
13:14 of 1st period - Shot Blocked by Derek Forbort.
13:16 of 1st period - Shot by Mikael Backlund.
13:16 of 1st period - Shot Misses the Net.
13:18 of 1st period - Shot by Dylan DeMelo.
13:18 of 1st period - Shot Misses the Net.
13:20 of 1st period - Shot by Dylan DeMelo.
13:20 of 1st period - Shot Blocked by Derek Forbort.
13:22 of 1st period - Shot by Erik Gudbranson.
13:22 of 1st period - Stopped by John Gibson without a rebound.
13:23 of 1st period - Kevin Hayes wins face-off versus Tyson Jost in DETROIT Red Wings zone.
13:23 of 1st period - Kevin Hayes is hit by Mason Marchment.
14:01 of 1st period - Shot by Mason Marchment.
14:01 of 1st period - Shot Misses the Net.
14:03 of 1st period - Shot by Timothy Liljegren.
14:03 of 1st period - Stopped by John Gibson with a rebound.
14:05 of 1st period - Shot by Scott Laughton.
14:05 of 1st period - Deflect By Mason Marchment.
14:05 of 1st period - Shot Misses the Net.
14:14 of 1st period - Derek Forbort is hit by Mikael Backlund and loses puck.
14:41 of 1st period - Shot by Mikael Backlund.
14:41 of 1st period - Stopped by John Gibson without a rebound.
14:42 of 1st period - Mikael Backlund wins face-off versus Luke Glendening in DETROIT Red Wings zone.
15:07 of 1st period - Christian Fischer is hit by T.J. Brodie and loses puck.
15:32 of 1st period - Shot by Christian Fischer.
15:32 of 1st period - Stopped by John Gibson without a rebound.
15:32 of 1st period - Minor Penalty to Nikita Zadorov for Tripping.
15:33 of 1st period - Tyson Jost wins face-off versus Dakota Joshua in DETROIT Red Wings zone.
15:48 of 1st period - Shot by Mason Marchment.
15:48 of 1st period - Stopped by John Gibson without a rebound.
15:49 of 1st period - Kevin Hayes wins face-off versus Mikael Backlund in DETROIT Red Wings zone.
16:14 of 1st period - Shot by Anders Lee.
16:14 of 1st period - Deflect By Mikael Backlund.
16:14 of 1st period - Shot Misses the Net.
16:16 of 1st period - Shot by Josh Mahura.
16:16 of 1st period - Shot Misses the Net.
16:18 of 1st period - Shot by Anders Lee.
16:18 of 1st period - Stopped by John Gibson without a rebound.
16:19 of 1st period - Kevin Hayes wins face-off versus Mason Marchment in DETROIT Red Wings zone.
16:33 of 1st period - Off-side.
16:34 of 1st period - Eeli Tolvanen wins face-off versus Kevin Hayes in neutral zone.
16:50 of 1st period - Shot by Anders Lee.
16:50 of 1st period - Stopped by John Gibson without a rebound.
16:51 of 1st period - Kevin Hayes wins face-off versus Tyson Jost in DETROIT Red Wings zone.
16:59 of 1st period - Icing by Timothy Liljegren.
17:00 of 1st period - Scott Laughton wins face-off versus Kevin Hayes in TAMPA BAY Lightning zone.
17:00 of 1st period - Scott Laughton is hit by Trevor Lewis.
17:29 of 1st period - Shot by Timothy Liljegren.
17:29 of 1st period - Shot Misses the Net.
17:31 of 1st period - Shot by Scott Laughton.
17:31 of 1st period - Stopped by John Gibson without a rebound.
17:32 of 1st period - Sidney Crosby wins face-off versus Mikael Backlund in DETROIT Red Wings zone.
17:37 of 1st period - Shot by Zach Hyman.
17:37 of 1st period - Shot Misses the Net.
17:39 of 1st period - Shot by Alex Ovechkin.
17:39 of 1st period - Shot Blocked by Erik Gudbranson.
17:41 of 1st period - Shot by Alex Ovechkin.
17:41 of 1st period - Shot Misses the Net.
17:43 of 1st period - Shot by T.J. Brodie.
17:43 of 1st period - Shot Misses the Net.
17:50 of 1st period - Shot by T.J. Brodie.
17:50 of 1st period - Shot Misses the Net.
18:15 of 1st period - Icing by Sidney Crosby.
18:16 of 1st period - Scott Laughton wins face-off versus Sidney Crosby in DETROIT Red Wings zone.
18:26 of 1st period - T.J. Brodie is hit by Timothy Liljegren and loses puck.
19:34 of 1st period - Icing by Zach Whitecloud.
19:35 of 1st period - Kevin Hayes wins face-off versus Mikael Backlund in DETROIT Red Wings zone.
19:44 of 1st period - Shot by Eeli Tolvanen.
19:44 of 1st period - Stopped by John Gibson without a rebound.
19:45 of 1st period - Tyson Jost wins face-off versus Sidney Crosby in DETROIT Red Wings zone.
19:58 of 1st period - Shot by Alex Ovechkin.
19:58 of 1st period - Stopped by Karel Vejmelka with a rebound.
Goals for this period are 0 for TAMPA BAY Lightning vs 0 for DETROIT Red Wings.
Shots for this period are 14 for TAMPA BAY Lightning vs 3 for DETROIT Red Wings.

2nd period


0:01 of 2nd period - Mikael Backlund wins face-off versus Ryan O'Reilly in neutral zone.
0:42 of 2nd period - Shot by Bryan Rust.
0:42 of 2nd period - Stopped by Karel Vejmelka without a rebound.
0:43 of 2nd period - Sidney Crosby wins face-off versus Ryan Reaves in TAMPA BAY Lightning zone.
1:57 of 2nd period - Shot by Nick Ritchie.
1:57 of 2nd period - Shot Blocked by Derek Forbort.
2:17 of 2nd period - Robert Hagg is hit by Trevor Lewis and loses puck.
2:45 of 2nd period - Shot by Ryan O'Reilly.
2:45 of 2nd period - Shot Misses the Net.
2:47 of 2nd period - Shot by Colton Parayko.
2:47 of 2nd period - Stopped by Karel Vejmelka without a rebound.
2:48 of 2nd period - Luke Glendening wins face-off versus Mikael Backlund in TAMPA BAY Lightning zone.
3:20 of 2nd period - Josh Archibald is hit by Dylan DeMelo and loses puck.
3:31 of 2nd period - Shot by Anders Lee.
3:31 of 2nd period - Stopped by John Gibson without a rebound.
3:32 of 2nd period - Sidney Crosby wins face-off versus Scott Laughton in DETROIT Red Wings zone.
3:32 of 2nd period - Sidney Crosby is hit by Scott Laughton.
3:38 of 2nd period - Shot by Sidney Crosby.
3:38 of 2nd period - Shot Misses the Net.
3:40 of 2nd period - Shot by Sidney Crosby.
3:40 of 2nd period - Stopped by Karel Vejmelka without a rebound.
3:41 of 2nd period - Ryan O'Reilly wins face-off versus Scott Laughton in TAMPA BAY Lightning zone.
5:12 of 2nd period - Alex Ovechkin is hit by Mason Marchment and loses puck.
5:36 of 2nd period - Erik Gudbranson is hit by Trevor Lewis and loses puck.
5:53 of 2nd period - Icing by Zach Whitecloud.
5:54 of 2nd period - Mikael Backlund wins face-off versus Kevin Hayes in DETROIT Red Wings zone.
6:56 of 2nd period - Nick Ritchie is hit by Bryan Rust.
6:59 of 2nd period - Sammy Blais is hit by Nikita Zadorov and loses puck.
7:18 of 2nd period - Shot by Josh Mahura.
7:18 of 2nd period - Stopped by John Gibson without a rebound.
7:19 of 2nd period - Sidney Crosby wins face-off versus Michael McCarron in DETROIT Red Wings zone.
7:35 of 2nd period - Off-side.
7:36 of 2nd period - Luke Glendening wins face-off versus Mikael Backlund in neutral zone.
8:01 of 2nd period - Shot by Eeli Tolvanen.
8:01 of 2nd period - Shot Misses the Net.
8:03 of 2nd period - Shot by Mikael Backlund.
8:03 of 2nd period - Shot Misses the Net.
8:05 of 2nd period - Shot by Mikael Backlund.
8:05 of 2nd period - Goal by Mikael Backlund - TAMPA BAY Lightning : 1 - DETROIT Red Wings : 0.
8:06 of 2nd period - Sidney Crosby wins face-off versus Tyson Jost in neutral zone.
8:19 of 2nd period - Shot by Zach Hyman.
8:19 of 2nd period - Goal by Zach Hyman - TAMPA BAY Lightning : 1 - DETROIT Red Wings : 1.
8:20 of 2nd period - Michael McCarron wins face-off versus Ryan O'Reilly in neutral zone.
9:24 of 2nd period - Shot by Zach Hyman.
9:24 of 2nd period - Shot Blocked by Timothy Liljegren.
9:28 of 2nd period - Shot by Sidney Crosby.
9:28 of 2nd period - Deflect By Zach Hyman.
9:28 of 2nd period - Stopped by Karel Vejmelka without a rebound.
9:29 of 2nd period - Mikael Backlund wins face-off versus Kevin Hayes in TAMPA BAY Lightning zone.
9:29 of 2nd period - Mikael Backlund is hit by Kevin Hayes.
9:40 of 2nd period - Icing by Erik Gudbranson.
9:41 of 2nd period - Mikael Backlund wins face-off versus Sidney Crosby in TAMPA BAY Lightning zone.
9:41 of 2nd period - Mikael Backlund is hit by Sidney Crosby.
10:04 of 2nd period - Off-side.
10:05 of 2nd period - Scott Laughton wins face-off versus Ryan O'Reilly in neutral zone.
10:49 of 2nd period - Shot by Bryan Rust.
10:49 of 2nd period - Shot Misses the Net.
11:09 of 2nd period - Shot by Sidney Crosby.
11:09 of 2nd period - Shot Misses the Net.
11:16 of 2nd period - Erik Gudbranson is hit by Alex Ovechkin and loses puck.
11:30 of 2nd period - Icing by Jeff Petry.
11:31 of 2nd period - Sidney Crosby wins face-off versus Nick Ritchie in DETROIT Red Wings zone.
11:43 of 2nd period - Nick Ritchie is hit by Sidney Crosby and loses puck.
11:58 of 2nd period - Shot by Nick Ritchie.
11:58 of 2nd period - Deflect By Sammy Blais.
11:58 of 2nd period - Stopped by John Gibson without a rebound.
11:59 of 2nd period - Ryan O'Reilly wins face-off versus Mikael Backlund in DETROIT Red Wings zone.
12:52 of 2nd period - Bryan Rust is hit by Anders Lee and loses puck.
13:03 of 2nd period - Sammy Blais is hit by Bryan Rust and loses puck.
13:05 of 2nd period - Minor Penalty to Josh Anderson for Tripping.
13:06 of 2nd period - Tyson Jost wins face-off versus Kevin Hayes in DETROIT Red Wings zone.
13:06 of 2nd period - Scott Laughton is hit by Derek Forbort and loses puck.
13:15 of 2nd period - Shot by Timothy Liljegren.
13:15 of 2nd period - Stopped by John Gibson without a rebound.
13:16 of 2nd period - Kevin Hayes wins face-off versus Tyson Jost in DETROIT Red Wings zone.
13:16 of 2nd period - Kevin Hayes is hit by Mason Marchment.
13:52 of 2nd period - Shot by Scott Laughton.
13:52 of 2nd period - Shot Misses the Net.
13:54 of 2nd period - Shot by Timothy Liljegren.
13:54 of 2nd period - Goal by Timothy Liljegren - TAMPA BAY Lightning : 2 - DETROIT Red Wings : 1.
13:55 of 2nd period - Sidney Crosby wins face-off versus Michael McCarron in neutral zone.
13:58 of 2nd period - Michael McCarron is hit by Alex Ovechkin and loses puck.
15:16 of 2nd period - T.J. Brodie is hit by Mikael Backlund.
15:17 of 2nd period - Minor Penalty to Eeli Tolvanen for High sticking.
15:18 of 2nd period - Ryan O'Reilly wins face-off versus Mikael Backlund in TAMPA BAY Lightning zone.
15:21 of 2nd period - Shot by Ryan O'Reilly.
15:21 of 2nd period - Stopped by Karel Vejmelka without a rebound.
15:22 of 2nd period - Ryan O'Reilly wins face-off versus Mikael Backlund in TAMPA BAY Lightning zone.
15:31 of 2nd period - Shot by Bryan Rust.
15:31 of 2nd period - Shot Misses the Net.
15:33 of 2nd period - Shot by T.J. Brodie.
15:33 of 2nd period - Shot Blocked by Dylan DeMelo.
15:35 of 2nd period - Shot by T.J. Brodie.
15:35 of 2nd period - Stopped by Karel Vejmelka without a rebound.
15:36 of 2nd period - Mikael Backlund wins face-off versus Ryan O'Reilly in TAMPA BAY Lightning zone.
15:44 of 2nd period - Off-side.
15:45 of 2nd period - Ryan O'Reilly wins face-off versus Mikael Backlund in neutral zone.
16:13 of 2nd period - Shot by T.J. Brodie.
16:13 of 2nd period - Stopped by Karel Vejmelka without a rebound.
16:14 of 2nd period - Sidney Crosby wins face-off versus Mikael Backlund in TAMPA BAY Lightning zone.
16:49 of 2nd period - Shot by Colton Parayko.
16:49 of 2nd period - Shot Misses the Net.
16:55 of 2nd period - Shot by Colton Parayko.
16:55 of 2nd period - Shot Blocked by Timothy Liljegren.
16:57 of 2nd period - Shot by Alex Ovechkin.
16:57 of 2nd period - Goal by Alex Ovechkin - TAMPA BAY Lightning : 2 - DETROIT Red Wings : 2.
16:58 of 2nd period - Michael McCarron wins face-off versus Bryan Rust in neutral zone.
17:26 of 2nd period - Off-side.
17:27 of 2nd period - Kevin Hayes wins face-off versus Scott Laughton in neutral zone.
17:52 of 2nd period - Shot by Scott Laughton.
17:52 of 2nd period - Deflect By Mason Marchment.
17:52 of 2nd period - Shot Misses the Net.
18:32 of 2nd period - Icing by Colton Parayko.
18:33 of 2nd period - Sidney Crosby wins face-off versus Mikael Backlund in DETROIT Red Wings zone.
18:41 of 2nd period - Zach Hyman is hit by Erik Gudbranson and loses puck.
18:49 of 2nd period - Sidney Crosby is hit by Chad Ruhwedel and loses puck.
19:02 of 2nd period - Shot by Zach Hyman.
19:02 of 2nd period - Shot Misses the Net.
19:14 of 2nd period - Shot by Mikael Backlund.
19:14 of 2nd period - Stopped by John Gibson without a rebound.
19:15 of 2nd period - Tyson Jost wins face-off versus Ryan O'Reilly in DETROIT Red Wings zone.
19:16 of 2nd period - Shot by Robert Hagg.
19:16 of 2nd period - Shot Misses the Net.
19:21 of 2nd period - Icing by T.J. Brodie.
19:22 of 2nd period - Ryan O'Reilly wins face-off versus Tyson Jost in DETROIT Red Wings zone.
19:22 of 2nd period - Ryan O'Reilly is hit by Nick Ritchie.
19:37 of 2nd period - Minor Penalty to Josh Anderson for Tripping.
19:38 of 2nd period - Kevin Hayes wins face-off versus Mikael Backlund in DETROIT Red Wings zone.
19:48 of 2nd period - Off-side.
19:49 of 2nd period - Trevor Lewis wins face-off versus Mason Marchment in neutral zone.
Goals for this period are 2 for TAMPA BAY Lightning vs 2 for DETROIT Red Wings.
Shots for this period are 7 for TAMPA BAY Lightning vs 9 for DETROIT Red Wings.

3rd period


0:01 of 3rd period - Mikael Backlund wins face-off versus Kevin Hayes in neutral zone.
0:08 of 3rd period - Shot by Dylan DeMelo.
0:08 of 3rd period - Goal by Dylan DeMelo - TAMPA BAY Lightning : 3 - DETROIT Red Wings : 2.
0:09 of 3rd period - Mikael Backlund wins face-off versus Bryan Rust in neutral zone.
0:36 of 3rd period - Shot by Bryan Rust.
0:36 of 3rd period - Shot Blocked by Dylan DeMelo.
0:51 of 3rd period - Shot by Mikael Backlund.
0:51 of 3rd period - Shot Misses the Net.
1:15 of 3rd period - Shot by Zach Hyman.
1:15 of 3rd period - Stopped by Karel Vejmelka without a rebound.
1:16 of 3rd period - Kevin Hayes wins face-off versus Scott Laughton in TAMPA BAY Lightning zone.
1:35 of 3rd period - Minor Penalty to Mason Marchment for Cross-checking.
1:36 of 3rd period - Mikael Backlund wins face-off versus Sidney Crosby in TAMPA BAY Lightning zone.
2:52 of 3rd period - Icing by Jeff Petry.
2:53 of 3rd period - Mikael Backlund wins face-off versus Ryan O'Reilly in DETROIT Red Wings zone.
2:56 of 3rd period - Shot by Anders Lee.
2:56 of 3rd period - Shot Misses the Net.
4:06 of 3rd period - Nicolas Deslauriers is hit by Trevor Lewis and loses puck.
4:32 of 3rd period - Icing by Derek Forbort.
4:33 of 3rd period - Trevor Lewis wins face-off versus Scott Laughton in DETROIT Red Wings zone.
4:33 of 3rd period - Trevor Lewis is hit by Mason Marchment.
4:38 of 3rd period - Off-side.
4:39 of 3rd period - Scott Laughton wins face-off versus Sidney Crosby in neutral zone.
4:47 of 3rd period - Off-side.
4:48 of 3rd period - Mikael Backlund wins face-off versus Alex Ovechkin in neutral zone.
5:27 of 3rd period - Shot by Sidney Crosby.
5:27 of 3rd period - Shot Misses the Net.
6:00 of 3rd period - Mason Marchment is hit by T.J. Brodie.
6:30 of 3rd period - Shot by Ryan O'Reilly.
6:30 of 3rd period - Shot Hit the Post.
6:35 of 3rd period - Sammy Blais is hit by Bryan Rust and loses puck.
6:42 of 3rd period - Icing by T.J. Brodie.
6:43 of 3rd period - Michael McCarron wins face-off versus Ryan O'Reilly in DETROIT Red Wings zone.
6:44 of 3rd period - Shot by Timothy Liljegren.
6:44 of 3rd period - Shot Blocked by T.J. Brodie.
7:14 of 3rd period - Minor Penalty to Nikita Zadorov for Tripping.
7:15 of 3rd period - Kevin Hayes wins face-off versus Mikael Backlund in DETROIT Red Wings zone.
7:35 of 3rd period - Icing by Dylan DeMelo.
7:36 of 3rd period - Trevor Lewis wins face-off versus Mikael Backlund in TAMPA BAY Lightning zone.
7:47 of 3rd period - Derek Forbort is hit by Eeli Tolvanen and loses puck.
9:40 of 3rd period - Shot by Alex Ovechkin.
9:40 of 3rd period - Shot Hit the Post.
9:42 of 3rd period - Shot by Zach Hyman.
9:42 of 3rd period - Stopped by Karel Vejmelka without a rebound.
9:43 of 3rd period - Tyson Jost wins face-off versus Ryan O'Reilly in TAMPA BAY Lightning zone.
10:06 of 3rd period - Shot by Bryan Rust.
10:06 of 3rd period - Shot Misses the Net.
10:08 of 3rd period - Shot by Ryan O'Reilly.
10:08 of 3rd period - Stopped by Karel Vejmelka without a rebound.
10:09 of 3rd period - Sidney Crosby wins face-off versus Anders Lee in TAMPA BAY Lightning zone.
10:09 of 3rd period - T.J. Brodie is hit by Timothy Liljegren and loses puck.
10:55 of 3rd period - Off-side.
10:56 of 3rd period - Scott Laughton wins face-off versus Ryan O'Reilly in neutral zone.
11:05 of 3rd period - Shot by Scott Laughton.
11:05 of 3rd period - Stopped by John Gibson without a rebound.
11:06 of 3rd period - Tyson Jost wins face-off versus Kevin Hayes in DETROIT Red Wings zone.
11:06 of 3rd period - Sammy Blais is hit by Jeff Petry and loses puck.
11:22 of 3rd period - Trevor Lewis is hit by Robert Hagg and loses puck.
11:30 of 3rd period - Off-side.
11:31 of 3rd period - Mason Marchment wins face-off versus Ryan O'Reilly in neutral zone.
11:34 of 3rd period - Shot by Scott Laughton.
11:34 of 3rd period - Stopped by John Gibson without a rebound.
11:35 of 3rd period - Sidney Crosby wins face-off versus Mikael Backlund in DETROIT Red Wings zone.
11:41 of 3rd period - Minor Penalty to T.J. Brodie for High sticking.
11:42 of 3rd period - Mikael Backlund wins face-off versus Kevin Hayes in DETROIT Red Wings zone.
11:46 of 3rd period - Eeli Tolvanen is hit by Zach Whitecloud and loses puck.
12:09 of 3rd period - Shot by Mikael Backlund.
12:09 of 3rd period - Shot Blocked by Colton Parayko.
12:11 of 3rd period - Shot by Erik Gudbranson.
12:11 of 3rd period - Stopped by John Gibson without a rebound.
12:12 of 3rd period - Tyson Jost wins face-off versus Kevin Hayes in DETROIT Red Wings zone.
12:41 of 3rd period - Shot by Timothy Liljegren.
12:41 of 3rd period - Stopped by John Gibson without a rebound.
12:42 of 3rd period - Mikael Backlund wins face-off versus Luke Glendening in DETROIT Red Wings zone.
12:57 of 3rd period - Shot by Dylan DeMelo.
12:57 of 3rd period - Stopped by John Gibson without a rebound.
12:58 of 3rd period - Mason Marchment wins face-off versus Kevin Hayes in DETROIT Red Wings zone.
12:59 of 3rd period - Shot by Scott Laughton.
12:59 of 3rd period - Shot Blocked by Zach Whitecloud.
13:27 of 3rd period - Shot by Scott Laughton.
13:27 of 3rd period - Deflect By Mason Marchment.
13:27 of 3rd period - Stopped by John Gibson with a rebound.
13:29 of 3rd period - Shot by Dylan DeMelo.
13:29 of 3rd period - Stopped by John Gibson without a rebound.
13:30 of 3rd period - Mikael Backlund wins face-off versus Luke Glendening in DETROIT Red Wings zone.
13:31 of 3rd period - Shot by Timothy Liljegren.
13:31 of 3rd period - Shot Misses the Net.
13:33 of 3rd period - Shot by Anders Lee.
13:33 of 3rd period - Shot Blocked by Zach Whitecloud.
13:35 of 3rd period - Shot by Eeli Tolvanen.
13:35 of 3rd period - Shot Misses the Net.
13:37 of 3rd period - Shot by Mikael Backlund.
13:37 of 3rd period - Stopped by John Gibson without a rebound.
13:38 of 3rd period - Mikael Backlund wins face-off versus Luke Glendening in DETROIT Red Wings zone.
13:44 of 3rd period - Off-side.
13:45 of 3rd period - Mikael Backlund wins face-off versus Sidney Crosby in neutral zone.
15:35 of 3rd period - Shot by Josh Anderson.
15:35 of 3rd period - Shot Misses the Net.
15:58 of 3rd period - Icing by Zach Whitecloud.
15:59 of 3rd period - Kevin Hayes wins face-off versus Tyson Jost in DETROIT Red Wings zone.
16:17 of 3rd period - Shot by Nick Ritchie.
16:17 of 3rd period - Shot Blocked by Derek Forbort.
17:00 of 3rd period - Dylan DeMelo is hit by Luke Glendening and loses puck.
17:21 of 3rd period - Shot by Dakota Joshua.
17:21 of 3rd period - Shot Blocked by Dylan DeMelo.
17:40 of 3rd period - Icing by Timothy Liljegren.
17:41 of 3rd period - Mikael Backlund wins face-off versus Sidney Crosby in TAMPA BAY Lightning zone.
18:06 of 3rd period - Mason Marchment is hit by Nikita Zadorov and loses puck.
18:13 of 3rd period - Shot by Mason Marchment.
18:13 of 3rd period - Stopped by John Gibson with a rebound.
18:15 of 3rd period - Shot by Scott Laughton.
18:15 of 3rd period - Shot Misses the Net.
18:17 of 3rd period - Shot by Chad Ruhwedel.
18:17 of 3rd period - Stopped by John Gibson without a rebound.
18:18 of 3rd period - Tyson Jost wins face-off versus Josh Anderson in DETROIT Red Wings zone.
18:25 of 3rd period - Josh Mahura is hit by Bryan Rust and loses puck.
19:01 of 3rd period - DETROIT Red Wings, John Gibson is pulled from the net.
19:15 of 3rd period - Shot by Sidney Crosby.
19:15 of 3rd period - Shot Misses the Net.
19:17 of 3rd period - Shot by Colton Parayko.
19:17 of 3rd period - Stopped by Karel Vejmelka without a rebound.
19:18 of 3rd period - Sidney Crosby wins face-off versus Mikael Backlund in TAMPA BAY Lightning zone.
19:27 of 3rd period - Shot by Colton Parayko.
19:27 of 3rd period - Stopped by Karel Vejmelka without a rebound.
19:28 of 3rd period - Sidney Crosby wins face-off versus Ryan Reaves in TAMPA BAY Lightning zone.
19:28 of 3rd period - Sidney Crosby is hit by Erik Gudbranson.
19:31 of 3rd period - Colton Parayko is hit by Dylan DeMelo and loses puck.
19:42 of 3rd period - Shot by Dylan DeMelo.
19:42 of 3rd period - Shot Blocked by Colton Parayko.
19:50 of 3rd period - Shot by Zach Hyman.
19:50 of 3rd period - Shot Misses the Net.
Goals for this period are 1 for TAMPA BAY Lightning vs 0 for DETROIT Red Wings.
Shots for this period are 11 for TAMPA BAY Lightning vs 5 for DETROIT Red Wings. Output by the SimonT Hockey Simulator (STHS) for Martin Benoit - Original Page W3C HTML5 Valid
Hockey Simulator - Hockey Simulation - Hockey Manager